 Dungeon Crawl Stone Soup version 0.31-a0-859-g9dce7d3444 (webtiles) character file.

Game seed: 8922376094871095158

1845475 Sergey the Slayer (level 25, 183/183 HPs)
             Began as a Deep Elf Hunter on Oct 9, 2023.
             Was the Champion of Okawaru.
             Escaped with the Orb
             ... and 3 runes!
             The game lasted 01:55:14 (54431 turns).

Sergey the Slayer (Deep Elf Hunter)                Turns: 54431, Time: 01:55:15

Health: 183/183    AC: 17    Str: 13    XL:     25   Next: 8%
Magic:  36/36      EV: 45    Int: 26    God:    Okawaru [******]
Gold:   5594       SH:  0    Dex: 39    Spells: 28/30 levels left

rFire   + + +        w - +8 longbow "Zephyr" {speed, Dex+3 SInv}
rCold   + . .        (shield currently unavailable)
rNeg    + + .        P - +2 robe {rC+ rF+}
rPois   .            k - +2 helmet
rElec   +            n - scarf {rC+ rF+}
rCorr   +            s - +1 pair of gloves "Dudorokh" {*Corrode rElec Str+3 Dex+4}
SInv    +            K - +2 pair of boots of New Discoveries {rF+ rC- rCorr Int+4}
Will    +++..        S - amulet of regeneration
Stlth   ++           G - ring "Nores" {Fly Will+ Str+2 Dex+6}
HPRegen 1.30/turn    T - ring of Accord {rN++ AC+4 Int+3}
MPRegen 0.25/turn

%: corrode self (3%)
@: flying, studying 2 skills
A: no striking features
0: Orb of Zot
}: 3/15 runes: serpentine, barnacled, slimy
a: Renounce Religion, Heroism, Finesse, Duel


You escaped.
You worshipped Okawaru.
Okawaru was exalted by your worship.
You visited 12 branches of the dungeon, and saw 55 of its levels.
You also visited: Bailey and Wizlab.

You collected 8733 gold pieces.
You spent 3139 gold pieces at shops.

Inventory:

Hand Weapons
 w - the +8 longbow "Zephyr" (weapon) {speed, Dex+3 SInv}
   (You found it on level 15 of the Dungeon)

   Dex+3:     It affects your dexterity (+3).
   SInv:      It lets you see invisible.
 E - a +5 vampiric scimitar
 M - a +2 triple crossbow of freezing
Missiles
 z - 25 javelins
 F - 40 silver javelins
 L - 15 curare-tipped darts
 Z - 4 throwing nets
Armour
 k - a +2 helmet (worn)
 l - a +2 troll leather armour
 n - a scarf of resistance (worn)
 s - the +1 pair of gloves "Dudorokh" (worn) {*Corrode rElec Str+3 Dex+4}
   (Okawaru gifted it to you on level 2 of the Shoals)

   Str+3:     It affects your strength (+3).
   Dex+4:     It affects your dexterity (+4).
   rElec:     It insulates you from electricity.
   *Corrode:  It may corrode you when you take damage.
 A - a +0 cloak of willpower
 K - the +2 pair of boots of New Discoveries (worn) {rF+ rC- rCorr Int+4}
   (You found it on level 1 of the Depths)

   Int+4:     It affects your intelligence (+4).
   rF+:       It protects you from fire.
   rC-:       It makes you vulnerable to cold.
   rCorr:     It protects you from acid and corrosion.
 P - a +2 robe of resistance (worn)
 U - a +2 cloak
Magical Staves
 e - a staff of cold {rC+ !a}
 B - a staff of air {rElec !a}
Jewellery
 j - an amulet of guardian spirit
 D - an amulet of faith
 G - the ring "Nores" (left hand) {Fly Will+ Str+2 Dex+6}
   (You bought it in a shop on level 3 of the Elven Halls)

   [ring of dexterity]

   Str+2:     It affects your strength (+2).
   Dex+6:     It affects your dexterity (+6).
   Will+:     It increases your willpower.
   Fly:       It grants you flight.
 N - a ring of protection from fire
 S - an amulet of regeneration (around neck)
 T - the ring of Accord (right hand) {rN++ AC+4 Int+3}
   (You took it off a naga on level 2 of the Lair of Beasts)

   [ring of protection]

   AC+4:      It affects your AC (+4).
   Int+3:     It affects your intelligence (+3).
   rN++:      It greatly protects you from negative energy.
 V - a ring of willpower
Wands
 c - a wand of light (45)
 i - a wand of roots (32)
 v - a wand of digging (57)
 x - a wand of flame (96)
Scrolls
 d - 3 scrolls of immolation
 g - 5 scrolls of blinking {@r4}
 p - 8 scrolls of vulnerability {!r}
 y - 11 scrolls of fog {@r2}
 C - 3 scrolls of enchant weapon
 I - 5 scrolls of poison
 J - 2 scrolls of fear
 Q - a scroll of revelation {@r5}
 R - 14 scrolls of teleportation {@r3}
 W - 2 scrolls of silence {!r}
Potions
 a - 11 potions of lignification
 f - 5 potions of invisibility
 h - 14 potions of curing {@q2}
 m - 5 potions of cancellation
 o - 5 potions of enlightenment
 q - 2 potions of haste {@q5}
 r - 5 potions of mutation
 t - 10 potions of heal wounds {@q1}
 H - 4 potions of ambrosia
 X - 2 potions of magic
 Y - 4 potions of might {@q3}
Miscellaneous
 b - a phial of floods
 O - a lightning rod (4/4)


   Skills:
 + Level 25.7 Fighting
 - Level 22.0 Ranged Weapons
 + Level 19.7 Throwing
 - Level 8.0 Armour
 - Level 22.0 Dodging
 - Level 3.0 Stealth
 - Level 3.0 Spellcasting
 - Level 5.0 Translocations
 - Level 15.0 Invocations
 - Level 8.0 Evocations


You had 28 spell levels left.
You knew the following spells:

 Your Spells              Type           Power      Damage    Failure   Level
e - Blink                 Tloc           58%        N/A       1%          2

Your spell library contained the following spells:

 Spells                   Type           Power      Damage    Failure   Level
 Lesser Beckoning         Tloc           58%        N/A       1%          2
 Gell's Gravitas          Tloc           29%        N/A       3%          3
 Momentum Strike          Conj/Tloc      32%        3d8       4%          2
 Foxfire                  Conj/Fire      12%        2x1d4     10%         1
 Kiss of Death            Conj/Necr      12%        2d6       10%         1
 Magic Dart               Conj           12%        1d3       10%         1
 Necrotise                Necr           12%        1d4       10%         1
 Sandblast                Erth           6%         2d5       10%         1
 Shock                    Conj/Air       12%        1d3       10%         1
 Sting                    Tmut/Pois      12%        1d3       10%         1
 Volatile Blastmotes      Fire/Tloc      32%        2d12      10%         3
 Manifold Assault         Tloc           29%        N/A       12%         4
 Passage of Golubria      Tloc           29%        N/A       12%         4
 Cigotuvi's Dreadful Rot  Necr/Pois/Air  6%         N/A       14%         2
 Ensorcelled Hibernation  Hex/Ice        6%         N/A       14%         2
 Jinxbite                 Hex            6%         N/A       14%         2
 Passwall                 Tmut/Erth      2%         N/A       14%         2
 Poisonous Vapours        Pois/Air       6%         N/A       14%         2
 Static Discharge         Conj/Air       6%         2-3/arc   14%         2
 Sublimation of Blood     Necr           3%         N/A       14%         2
 Wereblood                Tmut           3%         N/A       14%         2
 Confusing Touch          Hex            3%         N/A       28%         3
 Ignite Poison            Fire/Tmut/Pois 3%         N/A       28%         3
 Inner Flame              Hex/Fire       3%         N/A       28%         3
 Mephitic Cloud           Conj/Pois/Air  3%         N/A       28%         3
 Ozocubu's Armour         Ice            3%         N/A       28%         3
 Stone Arrow              Conj/Erth      6%         3d7       28%         3
 Swiftness                Air            3%         N/A       28%         3
 Vampiric Draining        Necr           3%         2d6       28%         3
 Dimensional Bullseye     Hex/Tloc       8%         N/A       32%         4
 Iskenderun's Mystic Bla  Conj/Tloc      16%        2d5       32%         4
 Vhi's Electric Charge    Tloc/Air       32%        N/A       32%         4
 Airstrike                Air            1%         2d(1-17)  67%         4
 Anguish                  Hex/Necr       1%         N/A       67%         4
 Brom's Barrelling Bould  Conj/Erth      3%         2d3       67%         4
 Cause Fear               Hex            1%         N/A       67%         4
 Dispel Undead            Necr           3%         3d7       67%         4
 Fulminant Prism          Conj/Hex       1%         3d5       67%         4
 Leda's Liquefaction      Hex/Erth       1%         N/A       67%         4
 Olgreb's Toxic Radiance  Pois           3%         N/A       67%         4
 Petrify                  Tmut/Erth      3%         N/A       67%         4
 Dispersal                Tloc           14%        N/A       88%         6
 Agony                    Necr           3%         N/A       95%         5
 Alistair's Intoxication  Tmut/Pois      2%         N/A       95%         5
 Borgnjor's Vile Clutch   Necr/Erth      1%         N/A       95%         5
 Freezing Cloud           Conj/Ice/Air   1%         6-21      95%         5
 Irradiate                Conj/Tmut      1%         3d12      95%         5
 Iskenderun's Battlesphe  Conj           3%         2d6       95%         5
 Lee's Rapid Deconstruct  Erth           1%         3d4*      95%         5
 Metabolic Englaciation   Hex/Ice        1%         N/A       95%         5
 Silence                  Hex/Air        1%         N/A       95%         5
 Yara's Violent Unravell  Hex/Tmut       1%         3d3       95%         5
 Bombard                  Conj/Erth      1%         9d1       100%        6
 Eringya's Noxious Bog    Tmut/Pois      1%         4d6       100%        6
 Plasma Beam              Fire/Air       1%         2x1d11    100%        6
 Starburst                Conj/Fire      1%         6d3       100%        6
 Enfeeble                 Hex            1%         N/A       100%        7
 Orb of Destruction       Conj           1%         9d5       100%        7
 Disjunction              Tloc           14%        N/A       100%        8
 Lehudib's Crystal Spear  Conj/Erth      1%         10d2      100%        8
 Polar Vortex             Ice            1%         N/A       100%        9
 Call Imp                 Summ           Unusable   N/A       N/A         2
 Summon Guardian Golem    Hex/Summ       Unusable   N/A       N/A         3
 Animate Armour           Summ/Erth      Unusable   N/A       N/A         4
 Summon Lightning Spire   Summ/Air       Unusable   N/A       N/A         4
 Simulacrum               Ice/Necr       Unusable   N/A       N/A         6
 Spellforged Servitor     Conj/Summ      Unusable   N/A       N/A         7

Dungeon Overview and Level Annotations

Branches:
Dungeon (15/15)            Temple (1/1) D:7            Lair (5/5) D:8
 Shoals (4/4) Lair:3        Snake (4/4) Lair:2        Slime (5/5) Lair:4
    Orc (2/2) D:10            Elf (3/3) Orc:2        Vaults (4/5) D:14
  Crypt (3/3) Vaults:3       Tomb (0/3) Crypt:3      Depths (4/4) D:15
    Zot (5/5) Depths:4     Bailey (visited)          WizLab (visited)

Altars:
Ashenzari
Cheibriados
Dithmenos
Elyvilon
Fedhas
Gozag
Hepliaklqana
Kikubaaqudgha
Makhleb
Nemelex Xobeh
Okawaru
Qazlal
Ru
Sif Muna
Trog
Uskayaw
Vehumet
Wu Jian
Xom
Yredelemnul
Zin
The Shining One
Jiyva

Shops:
D:3 *   D:8 =   D:9 :   Orc:2 ?(*(*[:(   Elf:3 (*=([   Snake:4 ***   Vaults:4 (
Depths:2 :

Portals:
Hell: Depths:1 Depths:2 Depths:3 Depths:4
Abyss: Depths:3
Ziggurat: Depths:3

Annotations:
D:3 exclusion: downstairs
D:4 1 runed translucent door, exclusion: 2 downstairs, Crazy Yiuf
D:7 8 exclusions
D:8 2 runed translucent doors, exclusions: downstairs and orange crystal statue
D:11 exclusion: downstairs
Shoals:2 2 transporters, exclusion: orange crystal statue
Shoals:3 6 transporters
Snake:4 2 transporters, Xenophilius's ghost, adept DgEE
Elf:2 3 runed translucent doors
Crypt:1 2 transporters, exclusion: downstairs
Crypt:2 Khufu
Depths:2 exclusion: door


Message History

The reaper is heavily wounded.
You shoot an arrow. The arrow closely misses the reaper.
You shoot an arrow. The arrow closely misses the reaper.
The reaper completely misses you.
You shoot an arrow. The arrow hits the reaper!
The reaper is severely wounded.
You shoot an arrow. The arrow barely misses the reaper.
The reaper completely misses you.
You shoot an arrow. The arrow hits the reaper.
The reaper is severely wounded.
You shoot an arrow. The arrow hits the reaper!!
You kill the reaper!
Okawaru accepts your kill.
No target in view!
No target in view!
No target in view!
No target in view!
There is a stone staircase leading down here.
There is a stone staircase leading up here.
You fly upwards.
There is a stone staircase leading down here.
There is a stone staircase leading up here.
You fly upwards.
There is a stone staircase leading down here.
A Hell Sentinel comes into view.
Blink to where?
Press: ? - help, Dir - move target
As you read the scroll of blinking {@r4}, it crumbles to dust.
The Hell Sentinel moves out of view.
Aiming: Dig
Press: ? - help, Shift-Dir - straight line, f - you Please select a direction to dig.
This square is covered in magical glow.
The rock shatters into small pieces.
Blink to where?
Press: ? - help, Dir - move target
As you read the scroll of blinking {@r4}, it crumbles to dust.
There is a staircase leading out of the dungeon here.
Unknown command.
You have escaped!

..............###
.......######...#
..#...## #.ยง.#
1###### #.#.# .#
#.#+.##### ##
#.'......#
###'##.#.#
#.#....# #.'@.+.#
#.#..#..#
#.####.##
#......# ########


There were no monsters in sight!

Vanquished Creatures
  the Royal Jelly (Slime:5)
  6 ancient liches
  4 dread liches
  3 orbs of fire (Zot:5)
  A juggernaut (Depths:4)
  Mennas (Crypt:3)
  Vv (Depths:3)
  Bai Suzhen (Vaults:3)
  5 Killer Klowns (Zot:5)
  Jory (Vaults:3)
  2 golden dragons
  Nikola (Shoals:1)
  2 bone dragons
  An electric golem (Zot:5)
  5 tentacled monstrosities
  Mlioglotl (Snake:4)
  The ghost of Flippered the Bludgeoner, an adept GrBe of Trog (Depths:2)
  A walking crystal tome (Depths:4)
  A walking earthen tome (Depths:1)
  23 Orb Guardians
  2 deep elf blademasters (Elf:3)
  2 quicksilver dragons (Zot:1)
  A titan (Depths:3)
  7 liches
  2 sphinxes
  2 deep elf master archers (Elf:3)
  16 acid blobs
  Frances (Shoals:1)
  Polyphemus (Shoals:2)
  5 death cobs
  8 shadow dragons
  Aizul (Shoals:1)
  A tengu reaver (Vaults:3)
  Kirke (Shoals:4)
  6 nagarajas (Snake:4)
  A revenant (Crypt:2)
  2 draconian monks
  2 storm dragons
  8 rockslimes
  3 draconian knights
  4 azure jellies (Slime:5)
  4 deep elf sorcerers (Elf:3)
  A draconian scorcher (Zot:2)
  7 fire giants
  An iron dragon (Depths:3)
  A spectral caustic shrike (Depths:2)
  19 vault wardens
  Louise (Snake:2)
  6 frost giants
  A cacodemon (D:8)
  A juggernaut zombie (Crypt:3)
  2 ghost moths (Zot:5)
  2 reapers
  10 ghouls
  4 spriggan defenders (Depths:3)
  5 draconian shifters
  A deep elf elementalist (Elf:3)
  16 ironbound preservers
  3 curse skulls
  3 draconian annihilators
  A balrug (Depths:1)
  A juggernaut skeleton (Crypt:3)
  An orc warlord (Orc:2)
  A demonspawn blood saint (Depths:1)
  4 draconian stormcallers
  7 vampire knights
  8 ironbound thunderhulks
  3 war gargoyles (Crypt:3)
  5 formless jellyfish
  17 very ugly things
  11 quicksilver oozes
  8 stone giants
  12 deep elf annihilators
  5 deep elf demonologists (Elf:3)
  4 red draconians (Zot:5)
  9 green draconians
  8 black draconians
  2 white draconians
  5 dire elephants
  5 yellow draconians
  13 spark wasps
  6 purple draconians
  9 merfolk impalers
  10 deep elf death magi
  2 eidola (Crypt:2)
  9 ettins
  A spectral golden dragon (Depths:2)
  A quicksilver dragon zombie (Crypt:3)
  8 merfolk javelineers
  8 jiangshi
  A blizzard demon (Depths:1)
  14 fire dragons
  3 deep elf high priests (Elf:3)
  Josephine (Orc:1)
  15 yaktaur captains
  A juggernaut simulacrum (Depths:2)
  4 ice dragons
  Erolcha (Orc:1)
  8 vault guards
  10 great orbs of eyes
  A spectral tengu (Depths:2)
  A hell beast (Depths:1)
  3 spriggan air magi
  5 centaur warriors
  A quicksilver dragon skeleton (Crypt:2)
  2 hydras
  8 ironbound frosthearts
  4 rakshasas
  2 ogre magi
  A salamander tyrant (Snake:4)
  2 spriggan skeletons (Crypt:3)
  2 catoblepae
  3 alligator snapping turtles
  12 dancing weapons
  4 merfolk aquamancers (Shoals:4)
  3 boulder beetles
  10 anacondas
  A deep troll shaman (Depths:3)
  A satyr (Shoals:4)
  5 death yaks
  15 naga warriors
  8 tengu warriors
  10 two-headed ogres
  14 naga sharpshooters
  6 spriggan berserkers
  4 vampire magi
  6 soul eaters
  4 deep troll earth magi
  7 shock serpents
  3 sun demons
  2 orc high priests
  19 deep elf knights
  10 hell knights (Crypt:3)
  5 skysharks
  5 salamander mystics
  32 skeletal warriors
  A titan skeleton (Crypt:3)
  2 anaconda zombies
  5 iron trolls
  3 quicksilver dragon simulacra
  14 sea snakes
  2 spectral iron dragons (Depths:2)
  A tengu zombie (Vaults:3)
  4 bog bodies
  A shadow demon (Depths:4)
  4 flayed ghosts
  45 deep trolls
  15 deep elf archers
  A naga ritualist (Snake:4)
  3 wizards
  9 lindwurms
  4 glowing orange brains
  29 ironbound convokers
  6 phantasmal warriors
  5 orc knights (Orc:2)
  2 anaconda skeletons (Crypt:1)
  29 deep elf pyromancers
  21 deep elf zephyrmancers
  Pikel (D:7)
  A wolf spider (D:15)
  A sphinx simulacrum (Depths:2)
  13 harpies
  7 fauns
  5 mana vipers
  3 orc sorcerers
  A shining eye (shapeshifter) (Depths:3)
  3 necromancers
  14 ugly things
  15 cyclopes
  3 shining eyes
  21 manticores
  14 salamanders
  9 guardian serpents
  11 moths of wrath
  6 merfolk sirens
  A dire elephant zombie (Crypt:2)
  20 vault sentinels
  2 titan simulacra (Depths:2)
  A shock serpent skeleton (Crypt:1)
  2 water nymphs
  5 gargoyles
  4 rust devils (D:14)
  A centaur skeleton (Crypt:1)
  25 black mambas
  An eye of devastation (Slime:3)
  14 cane toads
  11 naga magi
  6 smoke demons
  5 orange demons
  A human zombie (Vaults:3)
  Maggie (D:10)
  A dire elephant skeleton (Crypt:3)
  8 komodo dragons
  41 yaktaurs
  2 rime drakes
  A redback zombie (Crypt:2)
  A rime drake (shapeshifter) (Depths:1)
  2 efreet (D:14)
  An ice devil (Depths:2)
  An unseen horror (D:11)
  An unseen horror zombie (Crypt:2)
  3 red devils
  A tormentor (Zot:5)
  2 harpy zombies (Crypt:3)
  A human skeleton (Vaults:3)
  5 tengu conjurers
  8 trolls
  A wolf spider simulacrum (D:15)
  4 polar bears (Lair:5)
  28 merfolk
  6 wind drakes
  A wind drake (shapeshifter) (D:14)
  A tengu simulacrum (Depths:2)
  2 hellwings (D:14)
  A tyrant leech (Lair:4)
  A meliai (D:14)
  10 hornets
  A catoblepas skeleton (Crypt:1)
  2 harpy skeletons (Crypt:3)
  An ettin zombie (Crypt:3)
  12 dream sheep
  6 snapping turtles
  An iron dragon simulacrum (Depths:2)
  21 blink frogs
  A deep troll zombie (Vaults:3)
  A death drake skeleton (Crypt:1)
  A dream sheep (shapeshifter) (Depths:4)
  A human simulacrum (Vaults:3)
  5 air elementals
  44 slime creatures
  8 wraiths
  10 shadows
  A human (Shoals:4)
  7 wyverns
  17 spriggans
  13 water elementals
  2 ynoxinuls (D:14)
  4 vampires
  6 hogs (Shoals:4)
  45 yaks
  A human (shapeshifter) (Vaults:2)
  3 fire elementals
  2 vampire mosquitoes (D:13)
  4 basilisks
  2 chaos spawn
  Menkaure (D:7)
  3 wargs
  56 nagas
  3 swamp worms (Lair:4)
  18 water moccasins
  An acid dragon (D:10)
  A faun zombie (Crypt:1)
  2 naga zombies (Crypt:3)
  2 naga skeletons (Crypt:3)
  A floating eye (Lair:3)
  2 ice beasts
  32 orc warriors
  An entropy weaver zombie (Crypt:1)
  A black mamba simulacrum (Crypt:1)
  3 black bears (Lair:5)
  4 boggarts (Lair:5)
  5 ogres
  43 wolves
  15 centaurs
  2 phantoms
  10 bullfrogs
  3 necrophages
  2 glowing shapeshifter simulacra (Depths:2)
  4 scorpions
  7 earth elementals
  12 wights (D:8)
  5 howler monkeys
  2 electric eels
  7 jellies
  9 orc priests
  7 hounds
  Natasha (thrice) (D:4)
  3 iguanas
  A scorpion zombie (Crypt:1)
  2 sleepcaps
  A black bear skeleton (Crypt:1)
  26 orc wizards
  7 gnolls
  7 adders
  A white imp (D:5)
  3 ufetubi
  2 worms (D:2)
  3 dart slugs
  68 orcs
  4 ball pythons
  8 endoplasms
  5 giant cockroaches
  11 goblins
  6 hobgoblins
  A quokka (D:5)
  8 bats
  3 frilled lizards (D:2)
  6 kobolds
  9 orc zombies (Bailey)
  5 rats
  A spectral weapon (Zot:5)
1937 creatures vanquished.

Vanquished Creatures (others)
  2 deep elf zephyrmancers
  A yaktaur (Vaults:1)
  A fire elemental (Elf:2)
4 creatures vanquished.

Grand Total: 1941 creatures vanquished

Notes
Turn   | Place    | Note
-------+----------+-------------------------------------------
     0 | D:1      | Sergey the Deep Elf Hunter began the quest for the Orb.
     0 | D:1      | Reached XP level 1. HP: 12/12 MP: 3/3
  2110 | D:2      | Reached XP level 2. HP: 16/16 MP: 4/4
  2413 | D:2      | Reached skill level 2 in Fighting
  2519 | D:2      | Reached XP level 3. HP: 21/21 MP: 5/5
  3970 | D:3      | Found Hira's Assorted Antiques.
  3978 | D:3      | Bought a scroll labelled VONOUG QIUNECH for 27 gold pieces
  3978 | D:3      | Bought a lumpy dark potion for 24 gold pieces
  3978 | D:3      | Bought a silvery potion for 24 gold pieces
  3978 | D:3      | Bought a golden potion for 24 gold pieces
  3978 | D:3      | Bought a scroll of identify for 54 gold pieces
  4079 | D:3      | Reached skill level 3 in Fighting
  4136 | D:3      | Reached XP level 4. HP: 28/28 MP: 6/6
  4355 | D:3      | Bought a yellow potion for 24 gold pieces
  5079 | D:3      | Reached XP level 5. HP: 32/32 MP: 7/7
  5106 | D:3      | Noticed an ogre
  5183 | D:4      | Found a blossoming altar of Fedhas.
  5190 | D:4      | Noticed Natasha
  5202 | D:4      | Killed Natasha
  5282 | D:4      | Noticed Natasha
  5432 | D:3      | Killed an ogre
  5433 | D:3      | Reached skill level 4 in Fighting
  5433 | D:3      | Reached XP level 6. HP: 38/38 MP: 8/8
  5587 | D:4      | Killed Natasha
  5896 | D:4      | Found a runed translucent door.
  5897 | D:4      | Noticed Crazy Yiuf
  6151 | D:5      | Entered Level 5 of the Dungeon
  6367 | D:5      | Reached XP level 7. HP: 24/44 MP: 9/9
  6407 | D:5      | Reached skill level 5 in Fighting
  6809 | D:5      | Identified the +5 sling of Calamity {drain, rC+ Stlth+}
  6842 | D:5      | Reached skill level 10 in Ranged Weapons
  6946 | D:4      | Noticed Natasha
  6955 | D:4      | Killed Natasha
  7520 | D:6      | Reached XP level 8. HP: 49/49 MP: 10/10
  8263 | D:7      | Found a glowing golden altar of the Shining One.
  8265 | D:7      | Noticed Pikel
  8270 | D:7      | Killed Pikel
  8275 | D:7      | Found an ornate altar of the Wu Jian Council.
  8287 | D:7      | Became a worshipper of the Shining One
  8288 | D:7      | Fell from the grace of the Shining One
  8310 | D:7      | Reached skill level 5 in Dodging
  8408 | D:7      | Found a flagged portal.
  8414 | Bailey   | Entered a bailey
  8595 | Bailey   | Noticed a gargoyle
  8674 | D:7      | Reached skill level 6 in Fighting
  8789 | D:7      | Found a staircase to the Ecumenical Temple.
  8794 | Temple   | Entered the Ecumenical Temple
  8848 | D:7      | Noticed Menkaure
  8855 | D:7      | Killed Menkaure
  8856 | D:7      | Reached XP level 9. HP: 55/55 MP: 11/11
  8879 | D:7      | Found a broken altar of Ashenzari.
  9358 | D:8      | Found a runed translucent door.
  9390 | D:8      | Found the +10 tower shield of Ignorance {rN+ Int-4}
  9396 | D:8      | Found a runed translucent door.
  9430 | D:8      | Reached skill level 7 in Fighting
  9457 | D:8      | Noticed an orange crystal statue
  9757 | D:8      | Found a staircase to the Lair.
  9758 | D:8      | Noticed a komodo dragon
  9877 | D:8      | Reached XP level 10. HP: 64/64 MP: 12/12
 10061 | D:8      | Found Tahi's Jewellery Shoppe.
 10392 | D:8      | Reached skill level 8 in Fighting
 10574 | D:9      | Reached skill level 10 in Dodging
 10627 | D:9      | Noticed a two-headed ogre
 10820 | D:9      | Found Amoe's Tremendous Tomes.
 11046 | D:9      | Reached skill level 9 in Fighting
 11178 | D:9      | Found a bloodstained altar of Trog.
 11178 | D:9      | Found an ancient bone altar of Kikubaaqudgha.
 11877 | D:3      | Found a sacrificial altar of Ru.
 11877 | D:3      | Found an iron altar of Okawaru.
 11884 | D:3      | Became a worshipper of Warmaster Okawaru
 12369 | D:9      | Killed a two-headed ogre
 12376 | D:10     | Entered Level 10 of the Dungeon
 12383 | D:10     | Noticed a two-headed ogre
 12393 | D:10     | Noticed a deep elf pyromancer
 12399 | D:10     | Noticed a two-headed ogre
 12497 | D:10     | Noticed Maggie
 12647 | Lair:1   | Entered Level 1 of the Lair of Beasts
 12695 | Lair:1   | Noticed a cane toad
 12705 | Lair:1   | Killed a cane toad
 12706 | Lair:1   | Reached skill level 10 in Fighting
 12706 | Lair:1   | Reached skill level 1 in Throwing
 12762 | Lair:1   | Reached * piety under Okawaru
 12840 | D:8      | Reached skill level 1 in Invocations
 12862 | Lair:1   | Reached XP level 11. HP: 61/72 MP: 12/14
 12918 | Lair:1   | Reached ** piety under Okawaru
 13016 | Lair:1   | Reached skill level 5 in Invocations
 13134 | Lair:1   | Reached *** piety under Okawaru
 13141 | Lair:1   | Reached skill level 1 in Evocations
 13738 | Lair:2   | Reached **** piety under Okawaru
 13753 | Lair:2   | Found an ancient bone altar of Kikubaaqudgha.
 13804 | Lair:2   | Found a staircase to the Snake Pit.
 14154 | Lair:2   | Identified the ring of Accord {rN++ AC+4 Int+3}
 14529 | Lair:3   | Reached ***** piety under Okawaru
 14529 | Lair:3   | Noticed a skyshark
 14616 | Lair:3   | Reached skill level 5 in Evocations
 14731 | Lair:3   | Reached XP level 12. HP: 79/79 MP: 18/18
 14736 | Lair:3   | Found a staircase to the Shoals.
 14912 | Lair:3   | Received a gift from Okawaru
 14913 | Lair:3   | Reached skill level 11 in Fighting
 15456 | Lair:4   | Identified the staff of Analysis {rF- Dex+7 Tmut Earth}
 15590 | Lair:4   | Noticed a six-headed hydra
 15602 | Lair:4   | Killed a six-headed hydra
 15745 | Lair:4   | Found a viscous altar of Jiyva.
 15774 | Lair:4   | Found a staircase to the Slime Pits.
 16204 | Lair:5   | Entered Level 5 of the Lair of Beasts
 16648 | Lair:5   | Reached skill level 12 in Fighting
 16769 | Lair:5   | Received a gift from Okawaru
 16778 | Lair:5   | Reached XP level 13. HP: 86/86 MP: 19/21
 16888 | Lair:5   | Reached skill level 10 in Invocations
 17078 | Lair:5   | Reached skill level 1 in Armour
 17163 | Lair:5   | Received a gift from Okawaru
 17164 | Lair:5   | Reached skill level 15 in Ranged Weapons
 17797 | D:10     | Killed Maggie
 17897 | D:10     | Found a staircase to the Orcish Mines.
 18105 | D:10     | Received a gift from Okawaru
 18192 | D:10     | Found an opulent altar of Gozag.
 18405 | D:10     | Found a radiant altar of Vehumet.
 19416 | D:12     | Reached XP level 14. HP: 92/92 MP: 24/24
 19527 | D:12     | Learned a level 2 spell: Blink
 19554 | D:12     | Received a gift from Okawaru
 19694 | D:12     | Reached skill level 1 in Spellcasting
 19697 | D:12     | Reached skill level 1 in Translocations
 20483 | D:13     | Received a gift from Okawaru
 20551 | D:13     | Identified the +0 spear of Zeviz {speed, rF- Int+4 SInv}
 20821 | Orc:1    | Entered Level 1 of the Orcish Mines
 21029 | Orc:2    | Entered Level 2 of the Orcish Mines
 21191 | Orc:1    | Noticed Erolcha
 21207 | Orc:1    | Killed Erolcha
 21268 | Orc:1    | Noticed Josephine
 21275 | Orc:1    | Killed Josephine
 21276 | Orc:1    | Reached skill level 13 in Fighting
 21528 | Orc:2    | Noticed an orc warlord
 21548 | Orc:2    | Killed an orc warlord
 21803 | Orc:2    | Found Gam Cibi's Antique Weapon Boutique.
 21813 | Orc:2    | Bought a bloodstained shortbow for 160 gold pieces
 21813 | Orc:2    | Identified the +1 shortbow "Goigud" {flame, rElec Int+4
                  | Stlth-} (You bought it in a shop on level 2 of the Orcish
                  | Mines)
 21889 | Orc:2    | Found Iwnar's Magic Scroll Boutique.
 21895 | Orc:2    | Bought a scroll of fear for 52 gold pieces
 21895 | Orc:2    | Bought a scroll of teleportation for 39 gold pieces
 21895 | Orc:2    | Bought a scroll of blinking for 97 gold pieces
 21930 | Orc:2    | Reached skill level 5 in Translocations
 21979 | Orc:2    | Found Reme Wic's General Store.
 22066 | Orc:2    | Bought a scroll of revelation for 90 gold pieces
 22119 | Orc:2    | Found Niogg's Antique Weapon Shop.
 22137 | Orc:2    | Found a staircase to the Elven Halls.
 22152 | Orc:2    | Found Matitek's Book Boutique.
 22163 | Orc:2    | Found Hugauq Xoaly's Antique Armour Shop.
 22189 | Orc:2    | Found Segil's Assorted Antiques.
 22197 | Orc:2    | Bought a scroll labelled OHU TAQIANOMN for 39 gold pieces
 22197 | Orc:2    | Bought a glowing iron ring for 195 gold pieces
 22382 | Orc:2    | Found Ceerat's Weapon Shop.
 22701 | D:14     | Received a gift from Okawaru
 22767 | D:14     | Found a gate to the Vaults.
 23000 | D:14     | Reached skill level 15 in Dodging
 23231 | D:14     | Reached XP level 15. HP: 100/100 MP: 26/26
 23414 | D:14     | Received a gift from Okawaru
 23457 | D:14     | Reached skill level 14 in Fighting
 23790 | D:15     | Entered Level 15 of the Dungeon
 24060 | D:15     | Found a staircase to the Depths.
 24061 | D:15     | Noticed a fire giant
 24399 | D:15     | Killed a fire giant
 24624 | D:15     | Found the +8 longbow "Zephyr" {speed, Dex+3 SInv}
 24845 | D:15     | Received a gift from Okawaru
 25358 | Snake:1  | Entered Level 1 of the Snake Pit
 25580 | Snake:1  | Found a white marble altar of Elyvilon.
 25742 | Snake:1  | Reached skill level 15 in Fighting
 26009 | Snake:1  | Identified the +1 chain mail of Honour {Fly rF+ SInv}
 26415 | Snake:2  | Received a gift from Okawaru
 26679 | Snake:2  | You fall into a shaft and drop 1 floor!
 27164 | Snake:2  | Noticed Louise
 27252 | Snake:3  | Received a gift from Okawaru
 27407 | Snake:2  | Killed Louise
 27434 | Snake:2  | Reached XP level 16. HP: 108/108 MP: 27/27
 27870 | Snake:2  | Received a gift from Okawaru
 28524 | Snake:4  | Entered Level 4 of the Snake Pit
 28679 | Snake:4  | Received a gift from Okawaru
 28714 | Snake:4  | Found Sosyb's General Store.
 28716 | Snake:4  | Found Bueliqiz's General Store.
 28716 | Snake:4  | Found Owis's Antique Weapon Boutique.
 28721 | Snake:4  | Bought a scroll of revelation for 112 gold pieces
 28721 | Snake:4  | Found Kuawuxke's Assorted Antiques.
 28727 | Snake:4  | Bought a scroll of fog for 136 gold pieces
 28730 | Snake:4  | Bought a wand of light (2) for 117 gold pieces
 28730 | Snake:4  | Bought a wand of digging (7) for 411 gold pieces
 28730 | Snake:4  | Bought 3 scrolls of fog for 168 gold pieces
 28801 | Snake:4  | Noticed Xenophilius's ghost (adept DgEE)
 28978 | Snake:4  | Found a bloodstained altar of Trog.
 28990 | Snake:4  | Found a transporter.
 29001 | Snake:4  | Found a transporter.
 29123 | Snake:4  | Noticed Mlioglotl
 29137 | Snake:4  | Killed Mlioglotl
 29349 | Snake:4  | Received a gift from Okawaru
 29556 | Snake:4  | Received a gift from Okawaru
 29626 | Snake:4  | Reached skill level 16 in Fighting
 29654 | Snake:4  | Got a serpentine rune of Zot
 29964 | Shoals:1 | Entered Level 1 of the Shoals
 30002 | Shoals:1 | Noticed Aizul
 30019 | Shoals:1 | Killed Aizul
 30020 | Shoals:1 | Reached XP level 17. HP: 84/115 MP: 26/28
 30099 | Shoals:1 | Noticed Frances
 30224 | Shoals:1 | Killed Frances
 30250 | Shoals:1 | Noticed Nikola
 30272 | Lair:3   | Acquired 881 gold pieces
 30542 | Vaults:1 | Entered Level 1 of the Vaults
 30704 | Vaults:1 | Found a magical portal.
 30713 | WizLab   | Entered Borgnjor's Mausoleum
 30767 | Vaults:1 | Received a gift from Okawaru
 30780 | Vaults:1 | Identified the +1 hand axe of the Lurker {vamp, +Blink rC+}
 30987 | Vaults:1 | Received a gift from Okawaru
 30992 | Vaults:1 | Reached skill level 17 in Fighting
 31706 | Shoals:1 | Killed Nikola
 31706 | Shoals:1 | Received a gift from Okawaru
 32359 | Shoals:2 | Received a gift from Okawaru
 32492 | Shoals:2 | Found a transporter.
 32550 | Shoals:2 | Reached ****** piety under Okawaru
 32551 | Shoals:2 | Acquired a +2 triple crossbow of freezing
 32551 | Shoals:2 | Received a gift from Okawaru
 32552 | Shoals:2 | Acquired the +1 pair of gloves "Dudorokh" {*Corrode rElec
                  | Str+3 Dex+4}
 32552 | Shoals:2 | Received a gift from Okawaru
 32623 | Shoals:2 | Noticed Polyphemus
 32758 | Shoals:2 | Found a transporter.
 32881 | Shoals:2 | Killed Polyphemus
 32882 | Shoals:2 | Reached skill level 18 in Fighting
 33105 | Shoals:3 | Found a transporter.
 33109 | Shoals:3 | Found a transporter.
 33226 | Shoals:3 | Found a transporter.
 33228 | Shoals:3 | Found a transporter.
 33246 | Shoals:3 | Found a transporter.
 33248 | Shoals:3 | Found a transporter.
 33561 | Shoals:4 | Entered Level 4 of the Shoals
 33695 | Shoals:4 | Reached XP level 18. HP: 125/125 MP: 29/29
 33719 | Shoals:4 | Noticed Kirke
 33728 | Shoals:4 | Killed Kirke
 33856 | Shoals:4 | Identified the +9 quarterstaff "Q" {flame, +Blink Str+3
                  | Int+3}
 34082 | Shoals:4 | Reached skill level 19 in Fighting
 34253 | Shoals:4 | Received a gift from Okawaru
 34315 | Shoals:4 | Got a barnacled rune of Zot
 35722 | Vaults:2 | Identified the +10 plate armour of the Snail {rN+ Dex+4}
 35831 | Vaults:2 | Reached skill level 20 in Fighting
 35852 | Vaults:2 | Received a gift from Okawaru
 36284 | Vaults:2 | Received a gift from Okawaru
 36285 | Vaults:2 | Reached XP level 19. HP: 131/135 MP: 30/30
 37109 | Vaults:3 | Received a gift from Okawaru
 37381 | Vaults:3 | Paralysed by a sphinx for 3 turns
 37384 | Vaults:3 | Noticed Bai Suzhen
 37573 | Vaults:3 | Found a staircase to the Crypt.
 37573 | Vaults:3 | Found a basalt altar of Yredelemnul.
 37573 | Vaults:3 | Found an ancient bone altar of Kikubaaqudgha.
 37691 | Vaults:3 | Reached skill level 5 in Armour
 37703 | Vaults:3 | Received a gift from Okawaru
 37961 | Vaults:3 | Killed Bai Suzhen
 38077 | Vaults:3 | Reached skill level 5 in Throwing
 38117 | Vaults:3 | Received a gift from Okawaru
 38392 | Vaults:3 | Noticed Jory
 38403 | Vaults:3 | Killed Jory
 38565 | Vaults:4 | Received a gift from Okawaru
 39066 | Vaults:4 | Reached XP level 20. HP: 137/142 MP: 31/31
 39238 | Vaults:4 | Found Wasmeon's Weapon Boutique.
 39401 | Vaults:4 | Received a gift from Okawaru
 40007 | Elf:1    | Entered Level 1 of the Elven Halls
 40932 | Elf:2    | Received a gift from Okawaru
 41431 | Elf:2    | Found a runed translucent gate.
 41433 | Elf:2    | Found a runed translucent gate.
 41438 | Elf:2    | Found a runed translucent gate.
 41516 | Elf:3    | Entered Level 3 of the Elven Halls
 41522 | Elf:3    | Found Minag's Antique Armour Emporium.
 41577 | Elf:3    | Paralysed by an air elemental for 1 turns
 41594 | Elf:3    | Found Emmilub's Weapon Shop.
 41614 | Elf:3    | Found Cafuga's Assorted Antiques.
 41644 | Elf:3    | Bought a scroll of blinking for 247 gold pieces
 41644 | Elf:3    | Bought a potion of mutation for 264 gold pieces
 41788 | Elf:3    | Received a gift from Okawaru
 42001 | Elf:3    | Found Fuekilei's Jewellery Shop.
 42007 | Elf:3    | Bought the ring "Nores" {Fly Will+ Str+2 Dex+6} for 603
                  | gold pieces
 42026 | Elf:3    | Found Ymiada's Weapon Shop.
 42237 | Elf:3    | Found Fuekilei's Jewellery Shop.
 42257 | Elf:3    | Found Ymiada's Weapon Shop.
 42296 | Elf:3    | Found Cafuga's Assorted Antiques.
 42301 | Elf:3    | Found Emmilub's Weapon Shop.
 42647 | Elf:3    | Received a gift from Okawaru
 42685 | Elf:3    | Reached XP level 21. HP: 148/148 MP: 25/33
 42839 | Elf:3    | Got a levitating book
 42915 | Elf:3    | Identified the +3 shortbow "Gram" {flame, rElec rC+ Str+5
                  | Int-3}
 42916 | Elf:3    | Identified the +5 orcbow "Gadorosch" {elec, rElec Dex+6
                  | SInv}
 42945 | Elf:3    | Identified the ring "Dillack" {Ice rPois Str+2}
 42964 | Elf:3    | Identified the +12 broad axe "Teumuc" {venom, *Rage rN++
                  | Int-3 SInv}
 43001 | Elf:3    | Identified the +5 sling of Expedience {antimagic, rF- Int+3
                  | Stlth+}
 43003 | Elf:3    | Got a colourful book
 43031 | Elf:3    | Identified the +7 dagger of Famine {chaos, rCorr Str+4
                  | Int-5}
 43167 | Orc:2    | Bought a pair of runed boots for 232 gold pieces
 43294 | Depths:1 | Entered Level 1 of the Depths
 43311 | Depths:1 | Identified the +2 pair of boots of New Discoveries {rF+ rC-
                  | rCorr Int+4}
 43352 | Depths:1 | Found a gateway to Hell.
 43424 | Depths:1 | Reached skill level 21 in Fighting
 43583 | Depths:1 | Reached skill level 10 in Throwing
 44025 | Depths:1 | Received a gift from Okawaru
 44187 | Depths:2 | Reached skill level 15 in Invocations
 44250 | Depths:2 | Found a runed translucent gate.
 44251 | Depths:2 | Found a runed translucent gate.
 44252 | Depths:2 | Found a runed translucent gate.
 44254 | Depths:2 | Noticed Flippered's ghost (adept GrBe)
 44254 | Depths:2 | Noticed a dread lich
 44496 | Depths:2 | Found Xihufe's Book Shoppe.
 44943 | Depths:2 | Found a shimmering altar of Xom.
 44946 | Depths:2 | Found a shimmering altar of Xom.
 44946 | Depths:2 | Found a basalt altar of Yredelemnul.
 44948 | Depths:2 | Found a shimmering blue altar of Sif Muna.
 44948 | Depths:2 | Found a shimmering altar of Xom.
 44948 | Depths:2 | Found a shadowy altar of Dithmenos.
 45253 | Depths:3 | Received a gift from Okawaru
 45310 | Depths:3 | Found a stormy altar of Qazlal.
 45518 | Depths:3 | Found a one-way gateway to a ziggurat.
 45782 | Depths:3 | Noticed Vv
 45809 | Depths:3 | Killed Vv
 45919 | Depths:3 | Found a one-way gate to the infinite horrors of the Abyss.
 46281 | Depths:3 | Received a gift from Okawaru
 46371 | Depths:3 | Reached XP level 22. HP: 155/155 MP: 35/35
 46427 | Depths:3 | Got a dog-eared book
 46445 | Depths:3 | Identified the +5 halberd of the Curious Portals {spect,
                  | rElec rF+ Str+2}
 46679 | Depths:4 | Entered Level 4 of the Depths
 46895 | Depths:4 | Received a gift from Okawaru
 46938 | Depths:4 | Found a shimmering blue altar of Sif Muna.
 47123 | Depths:4 | Noticed a juggernaut
 47143 | Depths:4 | Killed a juggernaut
 47599 | Depths:4 | Reached skill level 15 in Throwing
 47761 | Depths:4 | Received a gift from Okawaru
 47767 | Depths:4 | Found a gate to the Realm of Zot.
 48053 | Crypt:1  | Entered Level 1 of the Crypt
 48095 | Crypt:1  | Reached skill level 22 in Fighting
 48193 | Crypt:1  | Noticed a dread lich
 48365 | Crypt:1  | Found a basalt altar of Yredelemnul.
 48490 | Crypt:1  | Noticed an ancient lich
 48497 | Crypt:1  | Killed an ancient lich
 48497 | Crypt:1  | Received a gift from Okawaru
 48573 | Crypt:1  | Identified the ring "Astruf Xeugus" {rC+ rN+ AC+4}
 48574 | Crypt:1  | Found a transporter.
 48588 | Crypt:1  | Found a transporter.
 48711 | Crypt:1  | Noticed a dread lich
 49095 | Crypt:2  | Noticed Khufu
 49095 | Crypt:2  | Noticed a royal mummy
 49095 | Crypt:2  | Noticed a royal mummy
 49095 | Crypt:2  | Noticed a royal mummy
 49261 | Crypt:3  | Entered Level 3 of the Crypt
 49266 | Crypt:3  | Received a gift from Okawaru
 49266 | Crypt:3  | Noticed Mennas
 49276 | Crypt:3  | Killed Mennas
 49378 | Crypt:3  | Reached XP level 23. HP: 164/164 MP: 36/36
 49696 | Crypt:3  | Identified the ring "Akhaxzo" {rN+ Str+3}
 49696 | Crypt:3  | Identified the ring "Ocsyuvvo" {rN+ Int+2 Dex+4}
 49696 | Crypt:3  | Identified the ring of Idealism {rN+ Str+3}
 49698 | Crypt:3  | Got a sparkling book
 49752 | Crypt:3  | Reached skill level 23 in Fighting
 49879 | Crypt:3  | Identified the +10 mace of Ignis's Grace {pain, rC+++ Str-4
                  | Dex+6}
 50282 | Crypt:3  | Received a gift from Okawaru
 50313 | Crypt:3  | Noticed an ancient lich
 50324 | Crypt:3  | Killed an ancient lich
 50446 | Crypt:3  | Found a staircase to the Tomb.
 50446 | Crypt:3  | Noticed an ancient lich
 50453 | Crypt:3  | Killed an ancient lich
 50485 | Crypt:3  | Identified the +1 leather armour of Padd {+Blink Int+2}
 50488 | Crypt:3  | Acquired 754 gold pieces
 50502 | Crypt:3  | Noticed a dread lich
 50512 | Crypt:3  | Killed a dread lich
 51358 | Slime:1  | Entered Level 1 of the Pits of Slime
 51653 | Slime:2  | Reached skill level 24 in Fighting
 51689 | Slime:4  | Received a gift from Okawaru
 51695 | Slime:5  | Entered Level 5 of the Pits of Slime
 51744 | Slime:5  | Noticed the Royal Jelly
 51750 | Slime:5  | Killed the Royal Jelly
 51903 | Slime:5  | Identified the +2 lajatang of Subeka {pain, Int+4}
 51904 | Slime:5  | Identified the +9 falchion of Bodily Humours {venom, +Blink
                  | rCorr}
 51907 | Slime:5  | Got a slimy rune of Zot
 51986 | Slime:5  | Got an embossed book
 52030 | Slime:5  | Identified the +2 leather armour of Syndicalism {rF+ Will+
                  | Str+2 Dex-4}
 52054 | Slime:5  | Identified the +0 ring mail of Keveunlo {Contam rElec rPois
                  | Str+6}
 52496 | Depths:2 | Killed a dread lich
 52497 | Depths:2 | Killed Flippered's ghost
 52568 | Depths:2 | Identified the ring "Afigid" {rElec Slay+4 Stlth+}
 52720 | Zot:1    | Entered Level 1 of the Realm of Zot
 52800 | Zot:1    | Received a gift from Okawaru
 52842 | Zot:2    | Reached XP level 24. HP: 174/174 MP: 30/36
 52983 | Zot:5    | Entered Level 5 of the Realm of Zot
 52984 | Zot:5    | Noticed a dread lich
 53329 | Zot:5    | Identified the +12 battleaxe "Uzyfuthy" {vamp, rElec}
 53429 | Zot:5    | Noticed an ancient lich
 53433 | Zot:5    | Killed an ancient lich
 53434 | Zot:5    | Reached skill level 25 in Fighting
 53436 | Zot:5    | Noticed an orb of fire
 53448 | Zot:5    | Killed an orb of fire
 53451 | Zot:5    | Killed an orb of fire
 53488 | Zot:5    | Noticed a Killer Klown
 53493 | Zot:5    | Killed a Killer Klown
 53494 | Zot:5    | Noticed an orb of fire
 53507 | Zot:5    | Killed an orb of fire
 53515 | Zot:5    | Noticed a Killer Klown
 53515 | Zot:5    | Noticed a Killer Klown
 53516 | Zot:5    | Noticed a Killer Klown
 53524 | Zot:5    | Killed a Killer Klown
 53525 | Zot:5    | Noticed a Killer Klown
 53525 | Zot:5    | Noticed a dread lich
 53531 | Zot:5    | Noticed an ancient lich
 53531 | Zot:5    | Noticed an ancient lich
 53533 | Zot:5    | Killed a dread lich
 53535 | Zot:5    | Killed a Killer Klown
 53535 | Zot:5    | Received a gift from Okawaru
 53536 | Zot:5    | Killed an ancient lich
 53541 | Zot:5    | Killed an ancient lich
 53543 | Zot:5    | Killed a Killer Klown
 53544 | Zot:5    | Killed a dread lich
 53732 | Zot:5    | Killed a Killer Klown
 53807 | Zot:5    | Reached XP level 25. HP: 183/183 MP: 32/36
 53822 | Zot:5    | Got the Orb of Zot
 54098 | Depths:1 | Received a gift from Okawaru
 54431 | D:$      | Escaped with the Orb!

Illustrated notes

Levels and vault maps discovered:
D:1:      ncdulo_smallfort, layout_rooms, serial_forest,
          infiniplex_forest_zigzag_2, infiniplex_forest_lined_3_way,
          infiniplex_forest_straight_4, infiniplex_forest_lined_room_3,
          infiniplex_forest_corner_1, infiniplex_forest_corner_1,
          infiniplex_forest_lined_1, infiniplex_forest_straight_2
D:2:      layout_loops_ring, minmay_octomino_c4
D:3:      layout_loops_corners, gammafunk_temple_overflow_pools, serial_shops,
          nicolae_shop_just_a_little_nook
D:4:      layout_loops_ring, mainiacjoe_overflow_small_starburst, uniq_natasha,
          uniq_crazy_yiuf_cottage
D:5:      layout_cave_pools
D:6:      layout_loops_ring
D:7:      layout_basic, mainiacjoe_overflow_alcove_4, minitemple,
          minmay_temple_entry_proselytizer, enter_bailey_3, uniq_menkaure,
          uniq_pikel
D:8:      layout_basic, david_lair_shrubbed, minmay_shop_enchanted_jewellery,
          chequers_guarded_unrand_ignorance
D:9:      layout_loops_ring, gammafunk_temple_overflow_wave,
          chequers_serial_rivers_marsh, nicolae_shop_i_like_big_books,
          st_stairs_13
D:10:     argonaut_augean_stables, layout_basic, general_overflow_altar,
          grunt_gozag_breadcrumbs, david_orc_2, statue_in_the_mist_lemuel,
          uniq_maggie
D:11:     layout_loops_ring
D:12:     layout_loops_cross
D:13:     layout_cave_pools, kennysheep_generic_room_2
D:14:     layout_gridville, david_vaults_5, serial_demonic, serial_demonic_d,
          serial_demonic_e, serial_demonic_e, serial_demonic_e,
          serial_demonic_a, serial_demonic_e, serial_demonic_b,
          nicolae_elevator_lobby_plus
D:15:     grunt_enter_depths_giant_problem, layout_loops_ring,
          nicolae_figureground_pulse
Temple:   hellmonk_temple_two_chambers
Lair:1:   beast_lair_carwin_large_1, layout_misc_corridors,
          infiniplex_staircase_pool_2
Lair:2:   layout_regular_city, minmay_snake_entry_guardpost_small, basic_altar,
          nicolae_quartered_pool_medium, cheibrodos_lair_reptile_den,
          lemuel_fruit_tree
Lair:3:   layout_regular_city, minmay_shoals_entry_centaurs
Lair:4:   statuecave_lemuel, layout_small_grid, nicolae_slime_entry_field_trip,
          worms_lemuel
Lair:5:   minmay_lair_end_enchanted_forest, layout_loops_ring,
          chequers_serial_rivers_micro_e, hangedman_lair_unloving_vines
Shoals:1: layout_shoals, uniq_nikola, uniq_frances, uniq_aizul
Shoals:2: gammafunk_sealed_arena, layout_shoals, uniq_polyphemus
Shoals:3: layout_shoals, serial_nicolae_subway, nicolae_sub_station_stone,
          nicolae_sub_station_metal, nicolae_sub_station_crystal
Shoals:4: shoals_end_simple, layout_shoals, uniq_kirke
Snake:1:  layout_onion_interference, basic_altar
Snake:2:  layout_grid_maze, uniq_louise
Snake:3:  layout_layer_cave, eino_curves_02, grunt_ministairs_4,
          serial_bayou_shore_b
Snake:4:  johnstein_snake_rune_scales, layout_gridlike,
          gammafunk_ghost_wrathful_warriors, minmay_shoptagon,
          serial_bayou_shore_b, uniq_mlioglotl
Slime:1:  layout_caves
Slime:2:  layout_caves
Slime:3:  layout_caves, cheibrodos_slime_lost_civilization_5
Slime:4:  layout_caves
Slime:5:  slime_pit_nicolae_trefoil
Orc:1:    layout_caves, uniq_erolcha, uniq_josephine
Orc:2:    grunt_orc_gardens, layout_caves, grunt_orc_garden, grunt_orc_garden,
          grunt_orc_garden, grunt_orc_garden, serial_shops,
          nicolae_shop_rolling_square, shop, nicolae_shop_bloodbath_and_beyond,
          shop
Elf:1:    eino_elf_arrival_the_gate, layout_geoelf_octagon, minivault_28,
          einodemon_barbed_minivault
Elf:2:    nicolae_elf_blades_splatter_lattice
          [nicolae_vaults_blade_armed_guards], layout_loops_cross,
          corner_web_ring
Elf:3:    elf_hall, layout_loops_cross, serial_shops, shop, nicolae_shop_stone,
          shop, nicolae_shop_stone, nicolae_shop_tiny_waterfront
Vaults:1: mu_enter_wizlab_4, serial_ice_h, nicolae_vaults_hallways_thing,
          hangedman_vaults_slither, nicolae_vaults_six-pack,
          nicolae_vaults_two_Ls, v_alt_pattern_4, nicolae_vaults_little_ls,
          dpeg_vaults_monster_box, v_misc_25, nicolae_vaults_what_the_h,
          nicolae_vaults_more_shelving_2, v_misc_10, vaults_dpeg_emergency_exit,
          nicolae_vaults_trapezoid_1, layout_vaults_omnibox
Vaults:2: nicolae_vaults_back_hallway, nicolae_vaults_storage_closets_1,
          nicolae_vaults_corridor_and_loot_room, hangedman_vaults_trim,
          vaults_dpeg_diagonal, nicolae_vaults_closet_pinwheel_3,
          nicolae_vaults_shrinking_rooms_1, nicolae_vaults_storage_closets_2,
          vaults_mumra_hex, v_misc_22, nicolae_vaults_storage_room_doors,
          layout_vaults_omnicross
Vaults:3: nicolae_vaults_inception_corners, v_pattern_4,
          hangedman_vaults_corner_blocks, nicolae_vaults_asterisk, st_star,
          vaults_room_corners, minmay_crypt_entry_necro_gods,
          nicolae_vaults_tetromino_L_1, v_misc_12, v_misc_26,
          nicolae_vaults_circle_grid_b, nicolae_vaults_twisting_passages,
          hangedman_vaults_impose, nicolae_vaults_diagonal_hallway_7,
          nicolae_vaults_diamond_1, layout_vaults_maze, uniq_bai_suzhen,
          uniq_jory
Vaults:4: v_misc_2, nicolae_vaults_specimen_jars, vaults_room_fours,
          nicolae_vaults_door_testing_chamber, hangedman_vaults_stagger,
          nicolae_vaults_trapezoid_1, v_rooms_5, v_pattern_1,
          nicolae_vaults_trapezoid_lopsided_3, layout_vaults_omnigrid,
          serial_shops, nicolae_shop_tiny_real_fake_doors
Crypt:1:  gammafunk_the_bubble [the_bubble_gammafunk_plus_minus],
          layout_chaotic_city, basic_altar, grunt_crypt_arrival_webbed
Crypt:2:  layout_gridlike, chequers_big_river, uniq_khufu
Crypt:3:  quadcrypt_mu, uniq_mennas
Depths:1: layout_roguey, serial_sigils, serial_sigils_hangedman_quiver,
          serial_sigils_hangedman_snap, serial_sigils_hangedman_shear,
          serial_sigils_hangedman_confine, grunt_mini_vestibule,
          due_unseen_surprise
Depths:2: nicolae_cairo_tiling, layout_gridlike, hell_entry,
          rand_demon_pan_entry_4, grunt_decor_one_mirror, serial_shops, shop,
          gammafunk_ghost_necromancy, doesnt_xom_only_xom
Depths:3: kennysheep_water_balloons, layout_gridlike, enter_ziggurat_b,
          grunt_hell_entry_dis_mu, abyss_entry, nicolae_qazlal_eye_of_the_storm,
          nicolae_elevator_lobby_asterisk, uniq_vv
Depths:4: grunt_zot_entry_hairpin, layout_cave_shapes, serial_column_ruins,
          column_ruins_open_tiny, column_ruins_grid_1,
          column_ruins_corridor_straight, column_ruins_columns_straight,
          column_ruins_grid_1, hell_entry, lemuel_blue_sif_altar
Zot:1:    layout_basic, uniq_grunn
Zot:2:    layout_misc_corridors
Zot:3:    grunt_zot_stairs_faceoff, layout_gridlike, zot_minivault_1
Zot:4:    kennysheep_spiral_hall, layout_twisted_circle
Zot:5:    layout_gridlike

Skill      XL: |  1  2  3  4  5  6  7  8  9 10 11 12 13 14 15 16 17 18 19 20 21 22 23 24 |
---------------+-------------------------------------------------------------------------+-----
Stealth        | 2 3 |  3.0
Fighting       | 2 3 4 5 6 7 10 12 13 15 16 18 20 21 22 24 25 | 25.7
Ranged Weapons | 6 7 8 12 14 16 20 21 22 | 22.0
Dodging        | 6 9 10 11 12 13 15 18 20 21 22 | 22.0
Throwing       | 4 6 8 13 16 17 19 | 19.7
Invocations    | 2 6 8 11 12 13 14 15 | 15.0
Evocations     | 5 8 |  8.0
Armour         | 3 4 6 7 8 |  8.0
Spellcasting   | 3 |  3.0
Translocations | 5 |  5.0

Action                     |  1- 3 |  4- 6 |  7- 9 | 10-12 | 13-15 | 16-18 | 19-21 | 22-24 | 25-27 || total
---------------------------+-------+-------+-------+-------+-------+-------+-------+-------+-------++-------
  Melee: Dagger            |       |     4 |       |       |       |       |       |       |       ||     4
         Unarmed           |       |       |       |     9 |       |       |       |       |       ||     9
   Fire: Shortbow          |   107 |   139 |    22 |       |       |       |       |       |       ||   268
         Sling             |       |       |   313 |   803 |  1597 |       |       |       |       ||  2713
         Longbow           |       |       |       |       |   350 |  1626 |  1958 |  1771 |    59 ||  5764
  Throw: Javelin           |       |     1 |       |       |       |       |     5 |   123 |       ||   129
         Dart              |       |       |       |       |     6 |     1 |       |       |       ||     7
         Throwing net      |       |       |       |       |     1 |       |       |     4 |       ||     5
   Cast: Blink             |       |       |       |       |       |       |     4 |     2 |       ||     6
 Invoke: Renounce Religion |       |       |     1 |       |       |       |       |       |       ||     1
         Heroism           |       |       |       |     5 |    22 |    13 |     9 |    16 |       ||    65
         Finesse           |       |       |       |     1 |     2 |     5 |     7 |    12 |       ||    27
         Receive Weapon    |       |       |       |       |       |     1 |       |       |       ||     1
         Receive Armour    |       |       |       |       |       |     1 |       |       |       ||     1
  Evoke: Wand              |       |       |       |     2 |    14 |     5 |       |     5 |     1 ||    27
         Lightning rod     |       |       |       |     5 |    19 |       |     3 |       |       ||    27
         Phial of floods   |       |       |       |       |       |     2 |       |     1 |       ||     3
    Use: Scroll            |     5 |     1 |     8 |    11 |    12 |    10 |     5 |    15 |     2 ||    69
         Potion            |     3 |     1 |     1 |     1 |     8 |     5 |       |     8 |       ||    27
 Armour: Leather armour    |    19 |    18 |       |       |       |       |       |       |       ||    37
         Troll leather arm |       |    22 |    34 |   118 |   307 |    84 |       |       |       ||   565
         Robe              |       |       |       |       |       |     9 |    98 |   121 |     4 ||   232
  Dodge: Dodged            |    17 |    18 |    39 |   387 |   918 |   390 |   326 |   376 |     5 ||  2476

Table legend: (Time is in decaauts)
 A = Elapsed time spent in this place.
 B = Non-inter-level travel time spent in this place.
 C = Inter-level travel time spent in this place.
 D = Time resting spent in this place.
 E = Time spent auto-exploring this place.
 F = Levels seen in this place.
 G = Mean time per level.
                   A        B        C        D        E       F      G
               +--------+--------+--------+--------+--------+-----+--------+
         Total |  50780 |  43482 |   7298 |   4217 |  29457 |  57 |  890.9 |
       Dungeon |  19675 |  16129 |   3546 |   3132 |   9596 |  15 | 1311.7 |
        Temple |      1 |      1 |      0 |      0 |      0 |   1 |    1.0 |
          Lair |   5523 |   4681 |    842 |    279 |   3199 |   5 | 1104.6 |
        Shoals |   3123 |   2943 |    180 |    219 |   2028 |   4 |  780.8 |
     Snake Pit |   4162 |   3816 |    346 |    118 |   2987 |   4 | 1040.5 |
    Slime Pits |    410 |    354 |     56 |      2 |    103 |   5 |   82.0 |
  Orcish Mines |   1859 |   1486 |    373 |    143 |    852 |   2 |  929.5 |
   Elven Halls |   2762 |   2558 |    204 |      0 |   2098 |   3 |  920.7 |
        Vaults |   5166 |   4516 |    650 |    102 |   3499 |   4 | 1291.5 |
         Crypt |   2515 |   2243 |    272 |      0 |   1727 |   3 |  838.3 |
        Depths |   4561 |   3870 |    691 |     41 |   3067 |   4 | 1140.2 |
           Zot |    806 |    672 |    134 |     76 |    299 |   5 |  161.2 |
        Bailey |    204 |    204 |      0 |    103 |      0 |   1 |  204.0 |
        Wizlab |      6 |      6 |      0 |      0 |      0 |   1 |    6.0 |
               +--------+--------+--------+--------+--------+-----+--------+

Top non-repeatable levels by time:
     D:2: 2615 daAuts
     D:8: 1838 daAuts
     D:3: 1764 daAuts
     D:1: 1720 daAuts
Vaults:2: 1530 daAuts
 Crypt:3: 1456 daAuts
     D:4: 1407 daAuts
Depths:3: 1391 daAuts
Vaults:3: 1356 daAuts
     D:9: 1355 daAuts
    D:14: 1336 daAuts
   Elf:3: 1333 daAuts
    D:12: 1261 daAuts
  Lair:4: 1235 daAuts
Depths:2: 1222 daAuts
